 Dungeon Crawl Stone Soup version 0.29.1-15-g9cfb28693d (webtiles) character file.

Game seed: 9484732327634434431

1766 fleeber the Trooper (level 9, -2/68 HPs)
             Began as a Djinni Conjurer on Apr 8, 2023.
             Slain by a wight
             ... wielding a +5 scimitar
              (10 damage)
             ... on level 5 of the Dungeon.
             The game lasted 00:16:23 (4652 turns).

fleeber the Trooper (Djinni Conjurer)               Turns: 4652, Time: 00:16:24

Health: -2/68      AC:  4    Str:  6    XL:     9   Next: 28%
Gold:   211        EV: 15    Int: 25    God:
                   SH:  0    Dex: 11

rFire   + + .      SeeInvis +   u - +6 long sword of Zeptups {elec, rPois rCorr}
rCold   x . .      Faith    .   (no shield)
rNeg    . . .      Spirit   .   q - +0 troll leather armour {Pargi}
rPois   ∞          Reflect  .   (no helmet)
rElec   .          Harm     .   (no cloak)
rCorr   +          Rampage  .   (no gloves)
Will    .....                   (boots unavailable)
Stlth   +.........              (no amulet)
HPRegen 1.01/turn               d - +4 ring of evasion
MPRegen 0.00/turn               g - ring of see invisible

@: flying, very slightly contaminated
A: sickness immunity, fire resistance 2, cold vulnerability 1, float, innate
caster, HP casting, extra vitality 1
a: no special abilities


You were on level 5 of the Dungeon.
You visited 1 branch of the dungeon, and saw 6 of its levels.

You collected 211 gold pieces.

Inventory:

Hand Weapons
 k - a +0 short sword of venom
 u - the +6 long sword of Zeptups (weapon) {elec, rPois rCorr}
   (You found it on level 5 of the Dungeon)

   It occasionally discharges a powerful burst of electricity upon striking a
   foe.
   rPois:     It protects you from poison.
   rCorr:     It protects you from acid and corrosion.
Missiles
 x - 2 throwing nets
Armour
 q - a +0 troll leather armour (worn) {Pargi}
Jewellery
 d - a +4 ring of evasion (left hand)
 g - a ring of see invisible (right hand)
 j - a +4 ring of slaying
Wands
 a - a wand of flame (34)
 t - a wand of digging (6)
 v - a wand of mindburst (19)
Scrolls
 e - 3 scrolls of identify {unknown}
 f - 2 scrolls of fog {unknown}
 l - a scroll of immolation {unknown}
 o - 3 scrolls of teleportation {unknown}
 p - a scroll of magic mapping {unknown}
 r - a scroll of amnesia {unknown}
 s - a scroll of brand weapon {unknown}
 y - 2 scrolls of fear {unknown}
Potions
 b - 2 potions of mutation {unknown}
 c - 4 potions of curing {unknown}
 h - 4 potions of attraction {unknown}
 i - 2 potions of lignification {unknown}
 m - 2 potions of flight {unknown}
 n - 2 potions of degeneration {unknown}
 w - a potion of brilliance {unknown}


   Skills:
 + Level 7.5 Fighting
 + Level 3.0 Long Blades
 - Level 2.1 Dodging
 - Level 1.5 Stealth
 + Level 6.7 Spellcasting


You couldn't memorise any spells.
You knew the following spells:

 Your Spells              Type           Power      Damage    Failure   Level
a - Magic Dart            Conj           100%       1d8       1%          1
b - Searing Ray           Conj           84%        2d7       1%          2
c - Dazzling Flash        Conj/Hex       84%        N/A       1%          3
d - Fulminant Prism       Conj/Hex       21%        3d13      7%          4
e - Iskenderun's Mystic   Conj/Tloc      42%        2d10      7%          4
f - Apportation           Tloc           84%        N/A       1%          1
g - Call Imp              Summ           42%        N/A       1%          2
h - Vampiric Draining     Necr           42%        2d9       1%          3
i - Call Canine Familiar  Summ           42%        N/A       1%          3
Your spell library was empty.

Dungeon Overview and Level Annotations

Branches:
Dungeon (6/15)
 Temple: D:4-7

Altars:
Makhleb

Shops:
D:1 :   D:4 *

Annotations:
D:6 Menkaure


Innate Abilities, Weirdness & Mutations

You are immune to sickness and miasma.
You are immune to poison.
Your flesh is very heat resistant. (rF++)
You are vulnerable to cold. (rC-)
You float through the air rather than walking.
You learn spells naturally, not from books.
Your magical power is your life essence.
You have superior vitality. (+4 MHP)


Message History

Your fulminant prism crackles loudly.
Your fulminant prism explodes!
The blast of energy engulfs Edmund!!
You kill Edmund!
Your Long Blades skill increases to level 3!
You start resting.
HP restored.
Things that are here:
a +2 flail of draining; a +0 ring mail; the human corpse of Edmund
Things that are here:
a +1 falchion; a +0 robe
There is a stone staircase leading down here.
You fly downwards.
Level annotation: Menkaure The wight hits you with a +5 scimitar.
Menkaure gestures wildly while chanting.
Menkaure seems to speed up.
The wight hits you with a +5 scimitar!!
There is a stone staircase leading up here.
The wight closely misses you.
The orc priest mumbles some strange prayers to Beogh against you.
Beogh smites you!
You fly upwards.
There is a stone staircase leading down here.
Aiming: Fulminant Prism (dangerous; 7% risk of failure)
Press: ? - help, Dir - move target You miscast Fulminant Prism.
You are very lightly contaminated with residual magic.
Nothing appears to happen.
The orc priest invokes the aid of Beogh against you.
Beogh smites you! The wight hits you with a +5 scimitar!
* * * LOW HITPOINT WARNING * * *
Aiming: Fulminant Prism (dangerous; 7% risk of failure)
Press: ? - help, Dir - move target You conjure a prism of explosive energy!
* * * LOW HITPOINT WARNING * * *
A fulminant prism comes into view.
The orc priest misses you. The wight hits you with a +5 scimitar!
* * * LOW HITPOINT WARNING * * *
The wight hits you with a +5 scimitar!
You die...

#### #................... ...#
##...####............
##.##########....^###............
##..†.....##^.^^...##............
.##########..^^^..^.#............
.## ##.^.^...^.#............
..### #........^........[....#
#...# ##....*o.^.#....#.......
###.# #....)@z^.#..########.< #.#
##.......##............ #.###
##...[.###.#####...... #...#####
##...####.#####.##... ###.....#
###............###.. #####.#
###.##.........##.. ##
#.#####......###......#.. .#
#.).....#..### ####.....# .#
##......#.## #########.#


You could see a wight, an orc priest (ally target) and a friendly fulminant
prism.

Vanquished Creatures
  Pikel (D:5)
  A steam dragon (D:5)
  Edmund (D:5)
  A black bear (D:5)
  Pargi (D:3)
  A phantom (D:5)
  4 lemures (D:5)
  Blork the orc (D:5)
  4 scorpions
  3 wights
  2 jellies
  2 hounds
  An iguana (D:4)
  Natasha (D:3)
  5 adders
  7 worms
  15 orcs
  5 endoplasms
  2 giant cockroaches
  7 goblins
  9 hobgoblins
  9 jackals
  5 quokkas
  4 ball pythons
  4 bats (D:1)
  3 frilled lizards
  7 kobolds
  4 rats
110 creatures vanquished.

Vanquished Creatures (others)
  4 fulminant prisms
4 creatures vanquished.

Grand Total: 114 creatures vanquished

Notes
Turn   | Place    | Note
-------+----------+-------------------------------------------
     0 | D:1      | fleeber the Djinni Conjurer began the quest for the Orb.
     0 | D:1      | fleeber set off with the following spells memorised: Magic
                  | Dart, Searing Ray, Dazzling Flash, Fulminant Prism,
                  | Iskenderun's Mystic Blast.
     0 | D:1      | Reached XP level 1. HP: 15/15 MP: 0/0
   229 | D:1      | Reached XP level 2. HP: 19/22 MP: 0/0
   235 | D:1      | Reached skill level 1 in Fighting
   654 | D:1      | Found Luagh's Book Emporium.
   671 | D:1      | Reached XP level 3. HP: 21/27 MP: 0/0
   671 | D:1      | Learned a level 1 spell: Apportation
   784 | D:1      | Found a faded altar of an unknown god.
  1138 | D:2      | Reached skill level 2 in Fighting
  1276 | D:2      | Identified the +3 leather armour "Hyblothu" {Fly rPois
                  | Int+4}
  1307 | D:2      | Reached XP level 4. HP: 30/33 MP: 0/0
  2061 | D:3      | Noticed Natasha
  2064 | D:3      | Killed Natasha
  2377 | D:3      | Reached XP level 5. HP: 35/40 MP: 0/0
  2377 | D:3      | Learned a level 2 spell: Call Imp
  2514 | D:3      | Noticed Pargi
  2527 | D:3      | Killed Pargi
  2528 | D:3      | Reached skill level 3 in Fighting
  2528 | D:3      | Reached XP level 6. HP: 33/46 MP: 0/0
  3274 | D:4      | Reached skill level 4 in Fighting
  3469 | D:4      | Found Maceciffa's Overcharged Wands.
  3713 | D:4      | Reached XP level 7. HP: 53/53 MP: 0/0
  3713 | D:4      | Learned a level 3 spell: Vampiric Draining
  3730 | D:4      | Reached skill level 5 in Spellcasting
  3826 | D:4      | Found a burning altar of Makhleb.
  3876 | D:5      | Entered Level 5 of the Dungeon
  3885 | D:5      | Reached skill level 5 in Fighting
  3894 | D:5      | Identified the +6 long sword of Zeptups {elec, rPois rCorr}
  3940 | D:5      | Noticed Pikel
  3957 | D:5      | Killed Pikel
  3958 | D:5      | Reached skill level 6 in Fighting
  3958 | D:5      | Reached XP level 8. HP: 16/62 MP: 0/0
  4197 | D:5      | Reached skill level 1 in Long Blades
  4298 | D:5      | Reached skill level 7 in Fighting
  4323 | D:5      | Reached XP level 9. HP: 68/68 MP: 0/0
  4323 | D:5      | Learned a level 3 spell: Call Canine Familiar
  4484 | D:5      | Noticed Blork the orc
  4492 | D:5      | Killed Blork the orc
  4540 | D:6      | Noticed Menkaure
  4588 | D:6      | Noticed Edmund
  4598 | D:5      | Killed Edmund
  4652 | D:5      | Slain by a wight

Illustrated notes

Levels and vault maps discovered:
D:1:      amcnicky_arrival_underground_garden, layout_rooms, serial_shops, shop,
          shapermc_ecumenical_altar_starsandcircs, corner_web_ring
D:2:      layout_loops_ring, grunt_ministairs_15, kennysheep_generic_room_16
D:3:      layout_loops_corners, chequers_mini_garden, reono_crystal_passage,
          st_stairs_7, nicolae_elevator_lobby_asterisk, uniq_natasha, uniq_pargi
D:4:      layout_basic, lemuel_doored_altar, hangedman_decor_riveting,
          nicolae_shop_overcharged_wands
D:5:      layout_rooms, nicolae_wormholes, uniq_blork_the_orc, uniq_pikel
D:6:      layout_rooms, mainiacjoe_overflow_brackets,
          minmay_temple_entry_junction, uniq_edmund, uniq_menkaure, uniq_maggie

Skill      XL: |  1  2  3  4  5  6  7  8  9 |
---------------+----------------------------+-----
Fighting       | 1 2 3 4 6 7 |  7.5
Spellcasting   | 4 6 |  6.7
Long Blades    | 2 3 |  3.0
Dodging        | |  2.1
Stealth        | |  1.5

Action                   |  1- 3 |  4- 6 |  7- 9 || total
-------------------------+-------+-------+-------++-------
Melee: Long sword        |       |       |    18 ||    18
 Cast: Magic Dart        |    59 |    76 |    74 ||   209
       Searing Ray       |       |    12 |    17 ||    29
       Call Imp          |       |     3 |       ||     3
       Fulminant Prism   |       |       |     5 ||     5
 Stab: Sleeping          |       |       |     1 ||     1
Armor: Robe              |     1 |       |       ||     1
       Troll leather arm |       |     4 |     7 ||    11
Dodge: Dodged            |     9 |    16 |    62 ||    87
